 Dungeon Crawl Stone Soup version 0.23-a0-183-gf37f6fb (webtiles) character file.

3516 epen the Spear-Bearer (level 10, -2/138 HPs)
             Began as a Naga Monk on Sept 22, 2018.
             Was a Priest of Cheibriados.
             Slain by a yak (5 damage)
             ... on level 9 of the Dungeon.
             The game lasted 00:17:55 (10622 turns).

epen the Spear-Bearer (Naga Monk)                  Turns: 10622, Time: 00:17:55

Health: -2/138     AC: 25    Str: 30      XL:     10   Next: 8%
Magic:  14/14      EV:  1    Int: 19      God:    Cheibriados [***...]
Gold:   249        SH:  0    Dex: 20 (21) Spells: 9/9 levels left

rFire    + . .     SeeInvis +   (no weapon)
rCold    + . .     Gourm    .   (no shield)
rNeg     + + +     Faith    .   (armour currently unavailable)
rPois    +         Spirit   .   (helmet currently unavailable)
rElec    +         Reflect  .   (cloak currently unavailable)
rCorr    +         Harm     .   (gloves currently unavailable)
MR       +....     NoTele   +   (no barding)
Stlth    +.........             (no amulet)
HPRegen  0.33/turn              q - +3 ring of evasion (curse)
MPRegen  0.14/turn              x - ring of poison resistance

@: confused, mighty, tree-form, resistant, very slow
A: large, see invisible, slow metabolism 1, spit poison 1, AC +3
a: Spit Poison, Bend Time, Temporal Distortion, Renounce Religion


You were on level 9 of the Dungeon.
You worshipped Cheibriados.
Cheibriados was most pleased with you.
You were not hungry.
You were a tree.
You visited 2 branches of the dungeon, and saw 10 of its levels.

You collected 465 gold pieces.
You spent 216 gold pieces at shops.

Inventory:

Hand Weapons
 a - a +0 spear
 d - a +0 quarterstaff of crushing
Armour
 b - a +0 robe
 k - a +1 hat (melded)
 v - a +1 leather armour of fire resistance (melded)
 w - a +0 pair of gloves (melded)
Jewellery
 q - a cursed +3 ring of evasion (left branch)
 r - an uncursed amulet of harm
 x - a ring of poison resistance (right branch)
Wands
 g - a wand of flame (52)
 s - a wand of iceblast (8)
 t - a wand of paralysis (7)
 u - a wand of clouds (3)
Scrolls
 j - a scroll of fog
 m - a scroll of remove curse
 o - a scroll of teleportation
Potions
 f - 6 potions of degeneration
 p - 2 potions of haste
 A - a potion of brilliance
Comestibles
 c - 10 rations


   Skills:
 + Level 6.4 Fighting
 * Level 8.9 Polearms
 + Level 4.6 Armour
 + Level 5.4 Dodging
 - Level 3.0 Stealth
 + Level 5.7 Invocations


You had 9 spell levels left.
You didn't know any spells.
Your spell library contained the following spells:

 Spells                   Type           Power        Failure   Level  Hunger
 Infusion                 Chrm           #...         21%         1    ##.....
 Magic Dart               Conj           #...         21%         1    ##.....
 Summon Small Mammal      Summ           #...         21%         1    ##.....
 Blink                    Tloc           N/A          30%         2    ###....
 Call Imp                 Summ           #.......     30%         2    ###....
 Shroud of Golubria       Chrm/Tloc      #.........   30%         2    ###....
 Slow                     Hex            #.......     30%         2    ###....
 Song of Slaying          Chrm           #.......     30%         2    ###....
 Call Canine Familiar     Summ           #.......     52%         3    ####...
 Conjure Flame            Conj/Fire      #.......     52%         3    ####...
 Mephitic Cloud           Conj/Pois/Air  #.......     52%         3    ####...
 Regeneration             Chrm/Necr      #.........   52%         3    ####...
 Spectral Weapon          Hex/Chrm       #.......     52%         3    ####...
 Summon Guardian Golem    Hex/Summ       #.......     52%         3    ####...
 Summon Ice Beast         Ice/Summ       #.......     90%         4    #####..
 Summon Lightning Spire   Summ/Air       #.......     90%         4    #####..


Dungeon Overview and Level Annotations

Branches:
Dungeon (9/15)             Temple (1/1) D:4
   Lair: D:8-11         Orc: D:9-12

Altars:
Ashenzari
Cheibriados
Dithmenos
Elyvilon
Fedhas
Gozag
Hepliaklqana
Kikubaaqudgha
Makhleb
Nemelex Xobeh
Okawaru
Qazlal
Ru
Sif Muna
Trog
Uskayaw
Vehumet
Wu Jian
Xom
Yredelemnul
Zin
The Shining One
Lugonu

Shops:
D:4 =   D:5 [   D:6 *

Annotations:
D:8 1 exclusion


Innate Abilities, Weirdness & Mutations

You cannot wear boots.
((Your serpentine skin is tough. (AC +3)))
You have supernaturally acute eyesight. (SInv)
((Armour fits poorly on your strangely shaped body.))
((Your system is resistant to poisons. (rPois)))
((You cover ground very slowly.))
You have a slow metabolism.
You can spit poison.


Message History

The yak gores you.
* * * LOW HITPOINT WARNING * * *
You are confused.
You feel invigorated.
The yak gores you but does no damage. x4
You swing at nothing.
The yak gores you.
* * * LOW HITPOINT WARNING * * *
The yak barely misses you. The yak gores you!
* * * LOW HITPOINT WARNING * * *
The yak gores you but does no damage.
You closely miss the yak.
The yak is severely wounded.
The yak gores you but does no damage. x3; The yak gores you!
* * * LOW HITPOINT WARNING * * *
Okay, then.
You're too confused!
You feel very mighty all of a sudden. The yak gores you.
* * * LOW HITPOINT WARNING * * *
The yak completely misses you. The yak gores you.
You die...

#####'#### ###
#####.##.#.....# #..
......#..(....# ###..
#.....#.......# #.+..
#.....#...))..####.#..
#.....#.<#(###........
#........#)))+........ .....
#...YY####))##........ .....
+...Y♣...))...........
......#...Y#####)..#######.#
..(...#...Y............. #.#
........................ ...
......#.#.#....#...##....#.#
#......#.#....#...# ... #
#.............#..... .. #
#.....##.....##....#. #
#.....##.....##....# . .


You could see 5 yaks.

Vanquished Creatures
  A hippogriff (D:8)
  3 water moccasins
  Duvessa (D:6)
  2 sky beasts
  2 phantoms
  2 black bears (D:8)
  A necrophage (D:8)
  3 centaurs (D:7)
  2 ogres
  7 bullfrogs
  A big kobold (D:7)
  Dowan (D:6)
  A water moccasin skeleton (D:9)
  A wyvern skeleton (D:8)
  3 scorpions
  An electric eel (D:9)
  2 crimson imps
  2 centaur zombies (D:7)
  A quasit (D:9)
  2 orc priests
  3 hounds
  A jelly (D:8)
  A centaur skeleton (D:5)
  An iguana (D:9)
  12 orc wizards
  3 worker ants
  11 adders
  2 shadow imps (D:7)
  An adder zombie (D:9)
  2 adder skeletons (D:4)
  4 worms
  3 dart slugs
  4 leopard geckos
  21 orcs
  4 giant cockroaches
  2 gnoll zombies (D:5)
  6 goblins
  7 hobgoblins
  9 jackals
  2 quokkas (D:3)
  A ball python (D:6)
  6 bats
  A frilled lizard (D:1)
  A jackal skeleton (D:9)
  10 kobolds
  2 leopard gecko skeletons
  A quokka skeleton (D:4)
  13 rats
173 creatures vanquished.

Notes
Turn   | Place    | Note
-------+----------+-------------------------------------------
     0 | D:1      | epen the Naga Monk began the quest for the Orb.
     0 | D:1      | Reached XP level 1. HP: 21/21 MP: 1/1
   205 | D:1      | Reached XP level 2. HP: 17/28 MP: 2/2
   702 | D:1      | Reached XP level 3. HP: 19/34 MP: 3/3
  2203 | D:2      | Reached skill level 1 in Armour
  2490 | D:3      | Found a sparkling altar of Nemelex Xobeh.
  2499 | D:2      | Reached XP level 4. HP: 37/42 MP: 4/4
  2838 | D:3      | Reached skill level 4 in Polearms
  3618 | D:3      | Reached XP level 5. HP: 25/49 MP: 5/5
  4033 | D:3      | Found a sparkling altar of Nemelex Xobeh.
  4121 | D:4      | Found a staircase to the Ecumenical Temple.
  4133 | Temple   | Entered the Ecumenical Temple
  4158 | Temple   | Became a worshipper of Cheibriados the Contemplative
  4158 | Temple   | Reached * piety under Cheibriados
  4158 | Temple   | Reached ** piety under Cheibriados
  4621 | D:4      | Reached XP level 6. HP: 45/57 MP: 6/6
  4735 | D:4      | Found Ufaest's Jewellery Emporium.
  4744 | D:4      | Bought a cursed +3 ring of evasion for 198 gold pieces
  4805 | D:4      | Reached skill level 1 in Invocations
  5073 | D:4      | Found a hazy altar of Hepliaklqana.
  5132 | D:5      | Entered Level 5 of the Dungeon
  5261 | D:5      | Found a radiant altar of Vehumet.
  5400 | D:5      | Found Gaesok's Armour Emporium.
  5436 | D:5      | Reached skill level 5 in Polearms
  5541 | D:5      | You fall through a shaft for 2 floors!
  5594 | D:7      | Noticed a phantom
  5663 | D:7      | Reached XP level 7. HP: 50/64 MP: 8/8
  6070 | D:7      | Reached *** piety under Cheibriados
  6139 | D:7      | Reached skill level 6 in Polearms
  6139 | D:7      | Reached XP level 8. HP: 37/73 MP: 10/10
  6821 | D:5      | Found a basalt altar of Yredelemnul.
  7086 | D:6      | Noticed Duvessa
  7103 | D:6      | Found a shimmering altar of Xom.
  7103 | D:6      | Found a white marble altar of Elyvilon.
  7105 | D:6      | Found an ancient bone altar of Kikubaaqudgha.
  7127 | D:6      | Killed Duvessa
  7127 | D:6      | Reached skill level 5 in Fighting
  7127 | D:6      | Noticed Dowan
  7134 | D:6      | Killed Dowan
  7182 | D:6      | Found a sacrificial altar of Ru.
  7183 | D:6      | Found a hide-covered altar of Uskayaw.
  7198 | D:6      | Found a deep blue altar of Sif Muna.
  7262 | D:6      | Found an ornate altar of the Wu Jian Council.
  7347 | D:6      | Found a bloodstained altar of Trog.
  7355 | D:6      | Found an opulent altar of Gozag.
  7424 | D:6      | Reached skill level 7 in Polearms
  7484 | D:6      | Found Plog's Assorted Antiques.
  7492 | D:6      | Bought a metallic coppery potion for 18 gold pieces
  7616 | D:6      | Found a shattered altar of Ashenzari.
  8199 | D:7      | Reached XP level 9. HP: 74/81 MP: 12/12
  8512 | D:8      | Found a blossoming altar of Fedhas.
  8947 | D:8      | Reached skill level 8 in Polearms
  8960 | D:8      | Reached skill level 5 in Dodging
  9046 | D:8      | Reached **** piety under Cheibriados
  9061 | D:8      | Reached skill level 5 in Invocations
  9402 | D:8      | Found a deep blue altar of Sif Muna.
  9991 | D:9      | Reached XP level 10. HP: 59/91 MP: 14/14
 10596 | D:9      | HP: 1/92 [yak (6)]
 10608 | D:9      | HP: 1/138 [yak (8)]
 10618 | D:9      | HP: 4/138 [yak (4)]
 10621 | D:9      | HP: 1/138 [yak (7)]
 10622 | D:9      | Slain by a yak

Vault maps used:
D:1:      dpeg_arrival_three_smaller_balls
D:2:      first_ration, kennysheep_nondescript
D:3:      nemelex_xobeh_ov_fountains_minmay, nemelex_spade_bored_becter
D:4:      kennysheep_mini_moat, minmay_temple_entry_hall, serial_shops, shop
D:5:      lemuel_zombie_altar_yredelemnul, vehumet_crystals, serial_shops, shop
D:6:      lemuel_doored_altar, old_standard_altar,
          amethyst_overflow_temple_binary, grunt_temple_overflow_open,
          basic_altar, serial_shops, shop, minmay_a_box_with_orc_wizards_in_it,
          uniq_duvessa
D:8:      minmay_four_partial_circles, fedhas_altar_2, old_standard_altar,
          blue_anna_alchemist, grunt_decor_arrowhead
D:9:      minmay_crystal_water
Temple:   corrupted_temple

Skill      XL: |  1  2  3  4  5  6  7  8  9 |
---------------+----------------------------+-----
Armour         | 1 2 3 4 |  4.6
Polearms       | 4 5 6 7 8 |  8.9
Dodging        | 3 4 5 |  5.4
Invocations    | 1 2 4 5 |  5.7
Fighting       | 4 5 6 |  6.4
Stealth        | |  3.0

Action                   |  1- 3 |  4- 6 |  7- 9 | 10-12 || total
-------------------------+-------+-------+-------+-------++-------
Melee: Spear             |   142 |   146 |       |       ||   288
       Quarterstaff      |       |    79 |   313 |    26 ||   418
       Unarmed           |       |       |       |    15 ||    15
Invok: Slouch            |       |       |       |     2 ||     2
 Abil: Spit Poison       |     8 |    15 |     7 |       ||    30
  Use: Scroll            |       |     7 |     2 |     3 ||    12
       Potion            |       |       |     5 |     6 ||    11
 Stab: Sleeping          |    14 |     6 |     3 |     2 ||    25
  Eat: Chunk             |     3 |     2 |     6 |       ||    11
       Ration            |       |     2 |     1 |     1 ||     4
Armor: Robe              |    17 |    28 |       |       ||    45
       Leather armour    |       |    10 |   102 |    10 ||   122
       Skin              |       |       |    47 |    62 ||   109
Dodge: Dodged            |    44 |   116 |   351 |    39 ||   550

Table legend:
 A = Non-vault XP
 B = Vault XP
 C = Vault XP percentage of total XP
 D = Non-vault monster count
 E = Vault monster count
 F = Vault count percentage of total count
                 A         B        C        D         E       F
            +---------+---------+-------+---------+---------+-------
      Total |    3528 |    1495 |  29.8 |     150 |      23 |  13.3
            +---------+---------+-------+---------+---------+-------
        D:1 |      42 |       0 |   0.0 |      25 |       0 |   0.0
        D:2 |      45 |       0 |   0.0 |      23 |       0 |   0.0
        D:3 |     137 |       0 |   0.0 |      25 |       0 |   0.0
        D:4 |     139 |       0 |   0.0 |       9 |       0 |   0.0
        D:5 |     160 |       4 |   2.4 |       8 |       2 |  20.0
        D:6 |     520 |     484 |  48.2 |       7 |       9 |  56.2
        D:7 |     982 |       0 |   0.0 |      18 |       0 |   0.0
        D:8 |     915 |    1007 |  52.4 |      15 |      12 |  44.4
        D:9 |     588 |       0 |   0.0 |      20 |       0 |   0.0
            +---------+---------+-------+---------+---------+-------
